 Dungeon Crawl Stone Soup version 0.30-a0-743-gbfdf073431 (webtiles) character file.

Game seed: 15687184961566180524

170606 Newt the Crack Shot (level 18, -14/102 HPs)
             Began as a Kobold Hunter on Feb 7, 2023.
             Was a High Priest of Hepliaklqana.
             Demolished by an azure jelly (16 damage)
             ... created by the Royal Jelly
             ... on level 5 of the Pits of Slime.
             The game lasted 00:38:08 (26536 turns).

Newt the Crack Shot (Kobold Hunter)                Turns: 26536, Time: 00:38:09

Health: -14/102    AC: 18    Str: 10    XL:     18   Next: 32%
Magic:  26/33      EV: 35    Int: 10    God:    Hepliaklqana [*****.]
Gold:   4003       SH:  0    Dex: 31    Spells: 17/17 levels left

rFire   . . .      SeeInvis .    j - +7 arbalest of Certain Death {flame, rPois rC+}
rCold   + . .      Faith    .    (shield currently unavailable)
rNeg    . . .      Spirit   .    I - +6 acid dragon scales
rPois   +          Reflect  .    (no helmet)
rElec   .          Harm     .    L - +0 cloak
rCorr   +          Rampage  .    p - +2 pair of gloves
Will    ++...      NoCast   +    C - +1 pair of boots
Stlth   ++++                     u - amulet of Owucog {-Cast Regen+ Dex+6 Slay+4}
HPRegen 1.17/turn                X - +5 ring of evasion
MPRegen 0.23/turn                d - ring "Josaef" {Will+ MP+9}

@: engulfed (cannot breathe), corroded, studying Translocations
A: reduced essence, small, no large weapons, nightstalker 3
}: 1/15 runes: decaying
a: Renounce Religion, Recall Ancestor, Ancestor Identity, Transference, Idealise


You were on level 5 of the Pits of Slime.
You worshipped Hepliaklqana.
Hepliaklqana was extremely pleased with you.
You visited 6 branches of the dungeon, and saw 31 of its levels.
You visited the Abyss 1 time.

You collected 4532 gold pieces.
You spent 529 gold pieces at shops.

Inventory:

Hand Weapons
 a - a +3 shortbow of flaming
 c - a +3 triple crossbow of flaming
 j - the +7 arbalest of Certain Death (weapon) {flame, rPois rC+}
   (You bought it in a shop on level 2 of the Orcish Mines)

   rC:        It protects you from cold.
   rPois:     It protects you from poison.
Missiles
 H - 3 throwing nets
Armour
 n - a +2 leather armour of cold resistance
 p - a +2 pair of gloves (worn)
 C - a +1 pair of boots (worn)
 I - +6 acid dragon scales (worn)
 L - a +0 cloak (worn)
 T - +0 swamp dragon scales
Jewellery
 d - the ring "Josaef" (right hand) {Will+ MP+9}
   (You acquired it on level 1 of the Swamp)

   [ring of willpower]

   MP:        It affects your magic capacity (+9).
   Will:      It increases your willpower.
 k - a ring of fire
 u - the amulet of Owucog (around neck) {-Cast Regen+ Dex+6 Slay+4}
   (You acquired it on level 6 of the Dungeon)

   [amulet of regeneration]

   Dex:       It affects your dexterity (+6).
   Slay:      It affects your accuracy & damage with ranged weapons and melee
   (+4).
   -Cast:     It prevents spellcasting.
   Regen:     It increases your rate of health regeneration.
 v - an amulet of reflection
 M - a +6 ring of dexterity
 P - a ring of positive energy
 R - a ring of protection from cold
 W - a ring of poison resistance
 X - a +5 ring of evasion (left hand)
Wands
 s - a wand of paralysis (28)
 x - a wand of mindburst (9)
 y - a wand of digging (28)
 D - a wand of light (12)
 G - a wand of flame (59)
 V - a wand of iceblast (23)
Scrolls
 b - 6 scrolls of immolation
 e - 2 scrolls of fog
 f - 3 scrolls of fear
 l - 7 scrolls of teleportation
 r - a scroll of enchant armour
 E - 2 scrolls of silence
 F - 2 scrolls of summoning
 N - 6 scrolls of identify
 O - 3 scrolls of brand weapon
 S - a scroll of blinking
 U - a scroll of amnesia
 Y - 2 scrolls of magic mapping
 Z - a scroll of poison
Potions
 g - 2 potions of mutation
 h - 8 potions of heal wounds
 i - 4 potions of flight
 m - 9 potions of curing
 o - a potion of invisibility
 q - 5 potions of ambrosia
 t - 2 potions of resistance
 w - 3 potions of magic
 z - 6 potions of brilliance
 B - 5 potions of cancellation
 J - 2 potions of haste
 K - 3 potions of berserk rage
 Q - 2 potions of might
Miscellaneous
 A - a phial of floods


   Skills:
 - Level 13.0 Fighting
 - Level 24.0 Ranged Weapons
 - Level 12.0 Armour
 - Level 14.0 Dodging
 - Level 2.5 Stealth
 + Level 8.8 Invocations
 - Level 14.0 Evocations


You had 17 spell levels left.
You didn't know any spells.
Your spell library contained the following spells:

 Spells                   Type           Power      Damage    Failure   Level
 Kiss of Death            Conj/Necr      0%         2d5       47%         1
 Ensorcelled Hibernation  Hex/Ice        0%         N/A       63%         2
 Scorch                   Fire           0%         2d5       63%         2
 Confusing Touch          Hex            0%         N/A       85%         3
 Dazzling Flash           Conj/Hex       0%         N/A       85%         3
 Gell's Gravitas          Tloc           0%         N/A       85%         3
 Inner Flame              Hex/Fire       0%         N/A       85%         3
 Ozocubu's Armour         Ice            0%         N/A       85%         3
 Spider Form              Tmut/Pois      0%         N/A       85%         3
 Teleport Other           Tloc           0%         N/A       85%         3
 Airstrike                Air            0%         2d(0-16)  99%         4
 Anguish                  Hex/Necr       0%         N/A       99%         4
 Dispel Undead            Necr           0%         3d6       99%         4
 Flame Wave               Conj/Fire      0%         2d4       99%         4
 Leda's Liquefaction      Hex/Erth       0%         N/A       99%         4
 Sticky Flame             Conj/Fire      0%         2d3       99%         4
 Summon Lightning Spire   Summ/Air       0%         N/A       99%         4
 Agony                    Necr           0%         N/A       100%        5
 Lee's Rapid Deconstruct  Erth           0%         3d4*      100%        5
 Lightning Bolt           Conj/Air       0%         1d11      100%        5
 Metabolic Englaciation   Hex/Ice        0%         N/A       100%        5
 Silence                  Hex/Air        0%         N/A       100%        5
 Conjure Ball Lightning   Conj/Air       0%         3x3d6     100%        6
 Dispersal                Tloc           0%         N/A       100%        6
 Simulacrum               Ice/Necr       0%         N/A       100%        6
 Statue Form              Tmut/Erth      0%         N/A       100%        6
 Summon Cactus Giant      Summ           0%         N/A       100%        6
 Discord                  Hex            0%         N/A       100%        8
 Disjunction              Tloc           0%         N/A       100%        8


Dungeon Overview and Level Annotations

Branches:
Dungeon (14/15)            Temple (1/1) D:6            Lair (5/5) D:8
  Swamp (4/4) Lair:3       Spider (0/4) Lair:2        Slime (5/5) Lair:4
    Orc (2/2) D:12            Elf (0/3) Orc:2        Vaults (0/5) D:14

Altars:
Ashenzari
Cheibriados
Dithmenos
Elyvilon
Fedhas
Gozag
Hepliaklqana
Kikubaaqudgha
Makhleb
Nemelex Xobeh
Okawaru
Qazlal
Ru
Sif Muna
Trog
Uskayaw
Vehumet
Wu Jian
Xom
Yredelemnul
Zin
The Shining One

Shops:
D:13 :   D:14 (   Orc:2 ([(*

Annotations:
D:3 1 runed translucent door, Crazy Yiuf
D:5 3 runed translucent doors
D:14 2 transporters
Swamp:1 2 transporters
Slime:5 Royal Jelly


Innate Abilities, Weirdness & Mutations

Your life essence is reduced to manifest your ancestor. (-10% HP)
You are small and have problems with some larger weapons.
You are completely attuned to the shadows.


Message History

The quicksilver ooze completely misses you.
The quicksilver ooze hits you but does no damage.
The quicksilver ooze hits you. The quicksilver ooze engulfs you!
The quicksilver ooze completely misses you.
The acid blob completely misses you.
Unknown command.
You shoot a bolt. The bolt hits the acid blob!!
The bolt burns the acid blob.
The acid blob is moderately wounded.
Your lungs strain for air!
The quicksilver ooze completely misses you.
The quicksilver ooze hits you but does no damage.
The azure jelly completely misses you. x2
The azure jelly hits you but does no damage.
The azure jelly completely misses you. The acid blob spits acid at you.
The splash of acid misses you. The quicksilver ooze misses you.
The quicksilver ooze barely misses you.
You shoot a bolt. The bolt hits the acid blob!!!
The bolt burns the acid blob.
The acid blob is heavily wounded.
Your lungs strain for air!
The azure jelly completely misses you. x2; The azure jelly closely misses you. x2
The quicksilver ooze misses you. x2
The acid blob spits acid at you.
The splash of acid hits you but does no damage.
The acid corrodes you! The azure jelly closely misses you.
The azure jelly completely misses you. The azure jelly misses you.
The azure jelly completely misses you.
You shoot a bolt. The bolt barely misses the acid blob.
Your lungs strain for air!
The quicksilver ooze hits you. The quicksilver ooze barely misses you.
The acid blob hits you!!
* * * LOW HITPOINT WARNING * * *
You are splashed with acid.
You resist.
* * * LOW HITPOINT WARNING * * *
The quicksilver ooze misses you.
The quicksilver ooze completely misses you.
The azure jelly hits you!
* * * LOW HITPOINT WARNING * * *
The azure jelly freezes you! You resist.
You die...

#.JJ.....
#.J......
##.......
#JJJ.....
........
..J.JJ...
........##
#.JJ.....
.....J...#
#.JJJ....
......J...#
#.JJ.....
.....J@.##
#........
.....J...#
##.......
.........#
.........
.......###
.........
.......#
.........
.....#.#
.........
J.....##
.........
...##.
.........


You could see an acid blob, an azure jelly, a rockslime and a quicksilver ooze.

Vanquished Creatures
  the Lernaean hydra (Swamp:4)
  The ghost of Atuuduag the Deadly Accurate, an adept OgGl of the Shining One (Swamp:4)
  6 acid blobs
  Kirke (D:14)
  The ghost of Iffuusoj the Severer, an adept MiBe of Trog (Swamp:2)
  A fenstrider witch (Swamp:4)
  An azure jelly (Slime:5)
  A rockslime (Slime:5)
  Louise (D:14)
  4 quicksilver oozes
  2 eleionomae
  A great orb of eyes (Slime:2)
  A shambling mangrove (Swamp:4)
  9 hydras
  An ogre mage (Orc:2)
  2 boulder beetles
  2 ghost crabs
  A centaur warrior (D:11)
  3 alligators
  5 death yaks (Lair:4)
  20 two-headed ogres
  A dancing weapon (Swamp:2)
  A tengu warrior (D:14)
  Sonja (Lair:5)
  The ghost of sirJeffrey23 the Spear-Bearer, a novice MiFi of Zin (D:6)
  3 spriggan druids
  Lodul (D:11)
  2 goliath frogs (Swamp:2)
  5 swamp dragons
  6 bog bodies
  A wizard (D:14)
  An orc knight (D:14)
  A necromancer (D:12)
  A deep elf pyromancer (D:13)
  An orc sorcerer (Orc:2)
  9 ugly things (D:14)
  2 manticores (D:13)
  4 cyclopes
  11 elephants
  3 black mambas
  17 cane toads
  An eye of devastation (Slime:5)
  2 gargoyles
  An unseen horror (D:13)
  A rime drake (Lair:4)
  An efreet (D:12)
  4 komodo dragons
  A polar bear (Lair:4)
  4 trolls
  5 tyrant leeches
  2 bloated husks (Swamp:1)
  17 blink frogs
  A spectral dream sheep (Lair:3)
  13 hornets
  Sigmund (D:2)
  34 slime creatures
  13 spriggans
  2 wraiths
  5 wyverns
  A culicivora (Lair:2)
  4 basilisks
  4 hogs (D:14)
  30 yaks
  2 golden eyes (Slime:4)
  2 steam dragons
  10 vampire mosquitoes
  A warg (D:12)
  11 swamp worms
  An acid dragon (D:12)
  13 water moccasins
  6 swamp drakes
  A black bear (D:7)
  An ice beast (D:6)
  13 orc warriors
  3 sky beasts
  28 ogres
  3 wolves (Lair:2)
  12 centaurs
  3 phantoms
  15 bullfrogs
  2 spectral basilisks (Lair:3)
  A gnoll sergeant (D:9)
  A necrophage (D:6)
  4 scorpions
  11 killer bees (D:9)
  3 electric eels (Lair:5)
  6 howler monkeys
  4 hounds
  2 quasits (D:6)
  A jelly (D:4)
  10 orc priests
  4 iguanas
  14 orc wizards
  10 hell rats
  A polar bear simulacrum (D:12)
  4 wolf simulacra (D:12)
  Robin (D:3)
  7 gnolls
  5 adders
  10 river rats (Lair:2)
  3 shadow imps
  A white imp (D:5)
  2 ufetubi (D:5)
  4 worms
  25 orcs
  9 endoplasms
  3 giant cockroaches
  16 goblins
  14 hobgoblins
  3 kobolds
  9 quokkas
  8 ball pythons
  5 bats (D:1)
  4 frilled lizards
  12 rats
  2 river rat simulacra (D:12)
630 creatures vanquished.

Vanquished Creatures (collateral kills)
  5 acid blobs
  3 azure jellies
  An eleionoma (Swamp:1)
  5 hydras
  3 ogre magi (Orc:2)
  A ghost crab (Lair:3)
  An alligator (Swamp:4)
  A centaur warrior (D:13)
  A two-headed ogre (D:11)
  5 death yaks
  A goliath frog (Swamp:1)
  A spectral catoblepas (Lair:3)
  2 spriggan druids
  4 bog bodies (Swamp:4)
  A spectral hydra (Lair:3)
  A deep elf pyromancer (D:13)
  A shining eye (Slime:2)
  4 swamp dragons (Swamp:4)
  6 ugly things
  A will-o-the-wisp (Swamp:2)
  2 elephants (Lair:5)
  2 black mambas (Lair:5)
  5 cane toads
  2 komodo dragons
  An efreet (D:13)
  A polar bear (Lair:5)
  A tyrant leech (Lair:5)
  5 blink frogs
  16 slime creatures
  3 spriggans
  9 yaks
  3 jumping spiders (Lair:2)
  A golden eye (Slime:3)
  2 basilisks
  A hog (D:14)
  5 vampire mosquitoes
  2 redbacks (Lair:2)
  A swamp worm (Swamp:1)
  An acid dragon (D:12)
  2 water moccasins (Lair:5)
  An orc warrior (D:12)
  3 swamp drakes (Swamp:4)
  A centaur (D:11)
  2 ogres
  A wolf (Lair:2)
  A quasit (D:6)
  An orc priest (Orc:1)
  3 orc wizards
  3 hell rats
  2 polar bear simulacra (D:12)
  A river rat (Lair:2)
  8 orcs
  A rat (Lair:2)
  2 river rat simulacra (D:12)
  A butterfly (Lair:4)
144 creatures vanquished.

Vanquished Creatures (others)
  Nikola (Swamp:4)
  Aizul (Swamp:4)
  15 knights
  An ancestor (D:11)
  A bush (Swamp:4)
  21 fungi
  77 plants
117 creatures vanquished.

Grand Total: 891 creatures vanquished

Notes
Turn   | Place    | Note
-------+----------+-------------------------------------------
     0 | D:1      | Newt the Kobold Hunter began the quest for the Orb.
     0 | D:1      | Reached XP level 1. HP: 12/12 MP: 1/1
   180 | D:1      | Reached XP level 2. HP: 18/18 MP: 2/2
   467 | D:1      | Reached XP level 3. HP: 13/22 MP: 3/3
  1706 | D:2      | Reached XP level 4. HP: 28/28 MP: 4/4
  1929 | D:2      | Noticed Sigmund
  1939 | D:2      | Killed Sigmund
  1940 | D:2      | Reached skill level 5 in Fighting
  1940 | D:2      | Reached skill level 6 in Ranged Weapons
  1940 | D:2      | Reached XP level 5. HP: 16/35 MP: 5/5
  1940 | D:2      | Reached XP level 6. HP: 18/40 MP: 6/6
  2081 | D:2      | Reached skill level 7 in Ranged Weapons
  2606 | D:3      | Found a broken altar of Ashenzari.
  2970 | D:3      | Found a runed translucent door.
  2973 | D:3      | Noticed Crazy Yiuf
  3097 | D:3      | Noticed Robin
  3327 | D:3      | Killed Robin
  3576 | D:3      | Found a shimmering blue altar of Sif Muna.
  3876 | D:4      | Found a stormy altar of Qazlal.
  3884 | D:4      | Reached skill level 8 in Ranged Weapons
  3894 | D:4      | Reached XP level 7. HP: 37/44 MP: 7/7
  4265 | D:4      | Reached skill level 9 in Ranged Weapons
  4413 | D:4      | Found a sacrificial altar of Ru.
  4453 | D:4      | Reached skill level 10 in Ranged Weapons
  4462 | D:4      | Reached XP level 8. HP: 33/49 MP: 8/8
  4957 | D:5      | Entered Level 5 of the Dungeon
  4972 | D:4      | Reached skill level 5 in Dodging
  5353 | D:5      | Found a basalt altar of Yredelemnul.
  5494 | D:5      | Reached skill level 1 in Armour
  5850 | D:5      | Found a runed translucent gate.
  5851 | D:5      | Found a runed translucent gate.
  5852 | D:5      | Found a runed translucent gate.
  5883 | D:6      | Reached XP level 9. HP: 52/54 MP: 9/9
  5893 | D:6      | Identified a scroll of acquirement
  5893 | D:6      | Acquired the amulet of Owucog {-Cast Regen+ Dex+6 Slay+4}
  6015 | D:6      | Found a staircase to the Ecumenical Temple.
  6030 | Temple   | Entered the Ecumenical Temple
  6298 | D:6      | Found a burning altar of Makhleb.
  6354 | D:6      | Found a transporter.
  6425 | D:6      | Found a sparkling altar of Nemelex Xobeh.
  6472 | D:6      | Found a transporter.
  6474 | D:6      | Noticed sirJeffrey23's ghost (novice MiFi)
  6642 | D:7      | Reached skill level 5 in Armour
  7165 | D:7      | Found a snail-covered altar of Cheibriados.
  7483 | D:8      | Reached XP level 10. HP: 61/64 MP: 10/10
  7484 | D:8      | Identified the +1 hand axe "Killer Klown's Death" {venom,
                  | Will- MP+9 Str-3 Dex+8}
  7518 | D:8      | Found a staircase to the Lair.
  7620 | D:8      | Reached skill level 11 in Ranged Weapons
  7658 | D:8      | Identified the +2 war axe of Woyguono {heavy, rElec rCorr
                  | Stlth+}
  7792 | D:8      | Identified the +6 hand axe "Fuotov" {spect, SInv}
  7854 | D:8      | Noticed a two-headed ogre
  7869 | D:8      | Killed a two-headed ogre
  7870 | D:8      | Reached skill level 12 in Ranged Weapons
  8300 | D:8      | Noticed a two-headed ogre
  8306 | D:8      | Killed a two-headed ogre
  8307 | D:8      | Reached skill level 13 in Ranged Weapons
  8396 | D:9      | Found a hazy altar of Hepliaklqana.
  8407 | D:9      | Became a worshipper of Hepliaklqana the Forgotten
  8899 | D:9      | Reached skill level 14 in Ranged Weapons
  8915 | D:9      | Reached skill level 1 in Evocations
  9040 | D:10     | Entered Level 10 of the Dungeon
  9043 | D:10     | Found a shimmering altar of Xom.
  9082 | D:10     | Reached XP level 11. HP: 68/68 MP: 11/11
  9109 | D:10     | Reached skill level 5 in Evocations
  9110 | D:10     | Noticed a two-headed ogre
  9144 | D:10     | Killed a two-headed ogre
  9246 | D:10     | Found a basalt altar of Yredelemnul.
  9332 | D:10     | Reached * piety under Hepliaklqana
  9417 | D:6      | Killed sirJeffrey23's ghost
  9418 | D:6      | Reached skill level 10 in Dodging
  9644 | D:10     | Found an iron altar of Okawaru.
  9650 | D:10     | Found a bloodstained altar of Trog.
  9650 | D:10     | Found a glowing silver altar of Zin.
  9788 | D:10     | Found a glowing golden altar of the Shining One.
 10384 | D:11     | You fall into a shaft and drop 2 floors!
 10461 | D:13     | Reached ** piety under Hepliaklqana
 10462 | D:13     | Remembered your ancestor Synnove as a knight
 10539 | D:13     | Noticed a centaur warrior
 10544 | D:13     | Killed a centaur warrior
 10574 | D:13     | Found Puoneh's Book Boutique.
 10574 | D:13     | Noticed a cyclops
 10580 | D:13     | Killed a cyclops
 10609 | D:13     | Reached skill level 1 in Invocations
 10810 | D:13     | Noticed a two-headed ogre
 10812 | D:13     | Noticed a manticore
 10813 | D:13     | Noticed a manticore
 10819 | D:13     | Killed a manticore
 10820 | D:13     | Killed a two-headed ogre
 10823 | D:13     | Killed a manticore
 10824 | D:13     | Reached skill level 5 in Invocations
 10824 | D:13     | Reached XP level 12. HP: 65/65 MP: 12/15
 10883 | D:13     | Noticed a boulder beetle
 10895 | D:13     | Killed a boulder beetle
 11058 | D:13     | Reached skill level 15 in Ranged Weapons
 11371 | D:13     | Noticed a seven-headed hydra
 11377 | D:13     | Killed a seven-headed hydra
 11378 | D:13     | Reached skill level 16 in Ranged Weapons
 11602 | D:14     | Found a transporter.
 11658 | D:14     | Noticed a tengu warrior
 11669 | D:14     | Killed a tengu warrior
 11776 | D:14     | Reached skill level 10 in Fighting
 11800 | D:14     | Found a gate to the Vaults.
 11949 | D:14     | Reached XP level 13. HP: 73/73 MP: 16/18
 12045 | D:14     | Noticed Louise
 12534 | D:14     | Noticed Kirke
 12558 | D:14     | Killed Kirke
 12559 | D:14     | Reached skill level 10 in Evocations
 12907 | D:14     | Found Cyja's Weapon Shoppe.
 12950 | D:14     | Found a transporter.
 12951 | D:14     | Noticed a great orb of eyes
 13048 | Abyss:3  | Cast into level 3 of the Abyss (Louise)
 13096 | D:14     | Escaped the Abyss
 13108 | D:14     | Killed Louise
 13547 | D:12     | Reached *** piety under Hepliaklqana
 13561 | D:12     | Found a staircase to the Orcish Mines.
 14130 | D:11     | Noticed a centaur warrior
 14236 | D:11     | Noticed Lodul
 14242 | D:11     | Killed Lodul
 14339 | D:11     | Killed a centaur warrior
 14460 | D:11     | Reached XP level 14. HP: 79/79 MP: 20/20
 14734 | Lair:1   | Entered Level 1 of the Lair of Beasts
 15413 | Lair:1   | Reached **** piety under Hepliaklqana
 15713 | Lair:2   | Found a hole to the Spider Nest.
 17095 | Lair:3   | Found a staircase to the Swamp.
 17977 | Lair:4   | Reached ***** piety under Hepliaklqana
 18021 | Lair:4   | Reached XP level 15. HP: 88/88 MP: 16/21
 18026 | Lair:4   | Reached skill level 17 in Ranged Weapons
 18676 | Lair:4   | Found a staircase to the Slime Pits.
 18952 | Lair:5   | Entered Level 5 of the Lair of Beasts
 19056 | Lair:5   | Reached skill level 18 in Ranged Weapons
 19195 | Lair:5   | Reached skill level 19 in Ranged Weapons
 19587 | Lair:5   | Noticed Sonja
 19592 | Lair:5   | Killed Sonja
 19621 | Lair:5   | Reached skill level 20 in Ranged Weapons
 19864 | Lair:5   | Acquired a +3 triple crossbow of flaming
 19877 | Lair:5   | Acquired 1091 gold pieces
 20276 | Swamp:1  | Entered Level 1 of the Swamp
 20385 | Swamp:1  | Found a transporter.
 20418 | Swamp:1  | Found a transporter.
 20438 | Swamp:1  | Acquired the ring "Josaef" {Will+ MP+9}
 20664 | Orc:1    | Entered Level 1 of the Orcish Mines
 20877 | Orc:2    | Entered Level 2 of the Orcish Mines
 21110 | Orc:2    | Reached XP level 16. HP: 93/93 MP: 22/22
 21262 | Orc:2    | Found a staircase to the Elven Halls.
 21417 | Orc:2    | Found Dapon's Weapon Shoppe.
 21417 | Orc:2    | Found Jienon's Assorted Antiques.
 21418 | Orc:2    | Found Joghun's Antique Weapon Shop.
 21418 | Orc:2    | Found Hiot's Armour Shoppe.
 21423 | Orc:2    | Bought a potion of heal wounds for 165 gold pieces
 21423 | Orc:2    | Bought a potion of heal wounds for 165 gold pieces
 21425 | Orc:2    | Bought a faintly glowing arbalest for 199 gold pieces
 21425 | Orc:2    | Identified the +7 arbalest of Certain Death {flame, rPois
                  | rC+} (You bought it in a shop on level 2 of the Orcish
                  | Mines)
 22037 | Swamp:1  | Found the +7 great mace "Undeadhunter" {deathbane, rN+}
 22065 | Swamp:1  | Reached skill level 21 in Ranged Weapons
 22325 | Swamp:1  | Noticed a tentacled starspawn
 22798 | Swamp:2  | Found a basalt altar of Yredelemnul.
 22912 | Swamp:2  | Reached ****** piety under Hepliaklqana
 22918 | Swamp:2  | Reached skill level 22 in Ranged Weapons
 22976 | Swamp:2  | Found a runed translucent door.
 22976 | Swamp:2  | Found a shimmering altar of Xom.
 22976 | Swamp:2  | Noticed Iffuusoj's ghost (adept MiBe)
 23006 | Swamp:2  | Killed Iffuusoj's ghost
 23377 | Swamp:4  | Entered Level 4 of the Swamp
 23514 | Swamp:4  | Reached XP level 17. HP: 97/97 MP: 23/23
 23532 | Swamp:4  | Reached skill level 23 in Ranged Weapons
 23636 | Swamp:4  | Identified the +3 spear of the Shining Light {flame, rC+
                  | Will+ Str+4}
 23669 | Swamp:4  | Reached skill level 24 in Ranged Weapons
 23854 | Swamp:4  | Noticed the 27-headed Lernaean hydra
 23865 | Swamp:4  | Killed the 27-headed Lernaean hydra
 23917 | Swamp:4  | Got a decaying rune of Zot
 23973 | Swamp:4  | Noticed Nikola
 23983 | Swamp:4  | Noticed Aizul
 23986 | Swamp:4  | Killed Aizul
 23993 | Swamp:4  | Killed Nikola
 24188 | Swamp:4  | Found a runed translucent gate.
 24189 | Swamp:4  | Found a runed translucent gate.
 24189 | Swamp:4  | Noticed Atuuduag's ghost (adept OgGl)
 24190 | Swamp:4  | Found a runed translucent gate.
 24475 | Swamp:4  | Killed Atuuduag's ghost
 24655 | Slime:1  | Entered Level 1 of the Pits of Slime
 24667 | Slime:1  | Noticed an acid blob
 24671 | Slime:1  | Killed an acid blob
 24763 | Slime:2  | Noticed an acid blob
 24767 | Slime:2  | Killed an acid blob
 24775 | Slime:2  | Reached skill level 10 in Armour
 25109 | Slime:2  | Noticed an acid blob
 25112 | Slime:2  | Killed an acid blob
 25655 | Slime:4  | Noticed an acid blob
 25658 | Slime:4  | Reached XP level 18. HP: 93/102 MP: 24/24
 25950 | Slime:4  | Killed an acid blob
 26370 | Slime:5  | Entered Level 5 of the Pits of Slime
 26379 | Slime:5  | Noticed an acid blob
 26383 | Slime:5  | Killed an acid blob
 26384 | Slime:5  | Noticed an acid blob
 26387 | Slime:5  | Killed an acid blob
 26393 | Slime:5  | Noticed an acid blob
 26395 | Slime:5  | Noticed an acid blob
 26397 | Slime:5  | Killed an acid blob
 26399 | Slime:5  | Killed an acid blob
 26435 | Slime:5  | Noticed the Royal Jelly
 26436 | Slime:5  | Noticed an acid blob
 26437 | Slime:5  | Noticed an acid blob
 26437 | Slime:5  | Noticed an acid blob
 26439 | Slime:5  | Noticed an acid blob
 26504 | Slime:5  | Noticed an acid blob
 26504 | Slime:5  | Killed an acid blob
 26512 | Slime:5  | Noticed an acid blob
 26527 | Slime:5  | Noticed an acid blob
 26528 | Slime:5  | Killed an acid blob
 26532 | Slime:5  | Killed an acid blob
 26536 | Slime:5  | HP: 2/102 [azure jelly[the Royal Jelly] (8)]
 26536 | Slime:5  | Demolished by an azure jelly

Illustrated notes

Levels and vault maps discovered:
D:1:      dpeg_chamrin_arrival_tetris, layout_loops_corners
D:2:      layout_basic, uniq_sigmund
D:3:      layout_basic, kennysheep_orc_sif_temple, cheibrodos_ashenzari_chains,
          uniq_crazy_yiuf_cottage, uniq_robin
D:4:      layout_layer_cave, nicolae_qazlal_scattered_showers,
          lemuel_crystal_altar, minmay_manual_mares
D:5:      layout_rooms, ebering_ghost_rock_garden, roderic_nine_men_s_morris,
          minmay_ruined_shrine
D:6:      layout_rooms, mainiacjoe_overflow_concentric_impassable,
          makhleb_grotto_becter, minmay_temple_entry_statues_fountains,
          gammafunk_ghost_stat_death
D:7:      layout_loops_ring, cheibrodos_worm_habitat
D:8:      layout_loops_ring, lair_entry_dummy
D:9:      layout_rooms, nicolae_hepliaklqana_hazy_memory
D:10:     layout_cross, yredelemnul_altar_generic, amcnicky_altar_gilded,
          nicolae_overflow_quartered_altars
D:11:     layout_roguey, uniq_lodul
D:12:     layout_rooms, david_orc_3, eino_house_with_fridge
D:13:     layout_roguey, serial_shops, shop, moated_statue
D:14:     gammafunk_jiyva_shrine, layout_loops_ring, david_vaults_1,
          serial_shops, kennysheep_little_box, kennysheep_generic_room_4,
          uniq_kirke, uniq_louise
Temple:   nicolae_temple_colour_theory
Lair:1:   layout_cave_pods, infiniplex_staircase_pool
Lair:2:   lemuel_ratsnest, layout_regular_city,
          nicolae_spider_entry_tight_spaces
Lair:3:   layout_chaotic_city, nicolae_swamp_entry_spooky
Lair:4:   layout_regular_city, minmay_slime_entry_oklob_open,
          infiniplex_staircase_pool_2, serial_bayou_shore_a, lemuel_fruit_fields
Lair:5:   minmay_lair_end_frog_pond, layout_regular_city, grunt_megastairs_1,
          uniq_sonja
Swamp:1:  layout_basic_swamp, gammafunk_ghost_abyssal_escape,
          nicolae_swamp_tree_isthmus
Swamp:2:  layout_basic_swamp, ebering_ghost_xom, lemuel_altar_in_water
Swamp:3:  nzn_winding_woodlands_three_and_one
          [nzn_winding_woodlands_5x15_parted, nzn_winding_woodlands_5x15_pool,
          nzn_winding_woodlands_5x15_concentric,
          nzn_winding_woodlands_center_garden], layout_falls_marsh,
          nicolae_swamp_little_tower
Swamp:4:  grunt_swamp_rune_castle, layout_basic_swamp,
          ebering_ghost_rock_garden, uniq_nikola, uniq_aizul
Slime:1:  layout_caves
Slime:2:  cheibrodos_slime_lost_civilization_9, layout_caves
Slime:3:  layout_caves, cheibrodos_slime_lost_civilization_6
Slime:4:  layout_caves, special_room [special_room_jelly]
Slime:5
Orc:1:    layout_diamond_mine, basic_altar
Orc:2:    st_orc_ogre_mass, layout_diamond_mine

Skill      XL: |  1  2  3  4  5  6  7  8  9 10 11 12 13 14 15 16 17 18 |
---------------+-------------------------------------------------------+-----
Stealth        | 2 |  2.5
Fighting       | 3 5 7 8 10 13 | 13.0
Dodging        | 3 4 8 12 14 | 14.0
Ranged Weapons | 6 8 10 14 16 20 22 24 | 24.0
Armour         | 1 5 6 8 11 12 | 12.0
Evocations     | 4 6 10 12 14 | 14.0
Invocations    | 5 7 8 |  8.8

Action                     |  1- 3 |  4- 6 |  7- 9 | 10-12 | 13-15 | 16-18 || total
---------------------------+-------+-------+-------+-------+-------+-------++-------
  Melee: Arbalest          |       |       |       |       |       |     2 ||     2
   Fire: Shortbow          |    83 |   104 |   255 |   345 |   854 |       ||  1641
         Triple crossbow   |       |       |       |       |    69 |    51 ||   120
         Arbalest          |       |       |       |       |       |   431 ||   431
 Invoke: Recall Ancestor   |       |       |       |     3 |     2 |       ||     5
         Ancestor Life: Kn |       |       |       |     1 |       |       ||     1
         Idealise          |       |       |       |       |     2 |     4 ||     6
         Transference      |       |       |       |       |     1 |     1 ||     2
  Evoke: Wand              |       |       |       |     3 |     9 |     3 ||    15
    Use: Scroll            |     4 |     4 |    10 |    13 |    15 |     4 ||    50
         Potion            |       |       |     2 |     2 |       |     6 ||    10
 Armour: Leather armour    |     6 |    12 |    38 |    19 |     4 |       ||    79
         Acid dragon scale |       |       |       |       |    23 |    76 ||    99
  Dodge: Dodged            |    25 |    55 |   142 |   147 |   217 |   409 ||   995

Table legend: (Time is in decaauts)
 A = Elapsed time spent in this place.
 B = Non-inter-level travel time spent in this place.
 C = Inter-level travel time spent in this place.
 D = Time resting spent in this place.
 E = Time spent auto-exploring this place.
 F = Levels seen in this place.
 G = Mean time per level.
                   A        B        C        D        E       F      G
               +--------+--------+--------+--------+--------+-----+--------+
         Total |  26606 |  24942 |   1664 |   3583 |  17867 |  32 |  831.4 |
       Dungeon |  14682 |  13926 |    756 |   2729 |   9425 |  14 | 1048.7 |
        Temple |    104 |     87 |     17 |      0 |     78 |   1 |  104.0 |
          Lair |   5752 |   5198 |    554 |     74 |   4393 |   5 | 1150.4 |
         Swamp |   2928 |   2735 |    193 |    281 |   1963 |   4 |  732.0 |
    Slime Pits |   1891 |   1817 |     74 |    496 |   1089 |   5 |  378.2 |
  Orcish Mines |   1199 |   1131 |     68 |      2 |    919 |   2 |  599.5 |
         Abyss |     47 |     47 |      0 |      0 |      0 |   1 |   47.0 |
               +--------+--------+--------+--------+--------+-----+--------+

Top non-repeatable levels by time:
    D:14: 1599 daAuts
     D:3: 1369 daAuts
     D:2: 1271 daAuts
     D:4: 1264 daAuts
     D:1: 1256 daAuts
  Lair:5: 1248 daAuts
    D:13: 1223 daAuts
 Swamp:4: 1218 daAuts
  Lair:2: 1198 daAuts
  Lair:3: 1176 daAuts
  Lair:4: 1129 daAuts
     D:8: 1067 daAuts
  Lair:1: 999 daAuts
 Swamp:1: 946 daAuts
    D:10: 899 daAuts
